 Dungeon Crawl Stone Soup version 0.21.0-25-ge575cb9 (webtiles) character file.

73 tidbits the Skirmisher (level 4, -8/41 HPs)
             Began as a Gnoll Wanderer on Jan 26, 2018.
             Mangled by an ice beast (10 damage)
             ... on level 5 of the Dungeon.
             The game lasted 00:05:48 (708 turns).

tidbits the Skirmisher (Gnoll Wanderer)              Turns: 708, Time: 00:05:49

Health: -8/41      AC:  7    Str: 16    XL:     4   Next: 27%
Magic:  6/6        EV: 12    Int: 13    God:
Gold:   91         SH:  0    Dex: 15    Spells: 3/5 levels left

rFire    . . .     SeeInvis .   d - +0 quarterstaff
rCold    . . .     Gourm    .   (shield currently unavailable)
rNeg     . . .     Faith    .   B - +0 ring mail
rPois    .         Spirit   .   E - +1 helmet
rElec    .         Reflect  .   (no cloak)
rCorr    .         Harm     .   (no gloves)
MR       .....                  (no boots)
Stlth    ++........             (no amulet)
HPRegen  0.13/turn              (no ring)
MPRegen  0.10/turn              (no ring)

@: no status effects
A: distributed training, fangs 1, strong nose
a: no special abilities


You were on level 5 of the Dungeon.
You were not hungry.

You visited 1 branch of the dungeon, and saw 5 of its levels.

You collected 91 gold pieces.

Inventory:

Hand Weapons
 a - a +2 dagger
 b - a +0 blowgun
 c - a +0 spear
 d - a +0 quarterstaff (weapon)
Missiles
 k - a poisoned needle
Armour
 e - a +0 robe
 o - a +0 shield
 B - a +0 ring mail (worn)
 E - a +1 helmet (worn)
Scrolls
 g - a scroll of random uselessness {unknown}
 h - 2 scrolls of identify {unknown}
 i - 2 scrolls of magic mapping
 j - a scroll of blinking {unknown}
 l - a scroll of amnesia {unknown}
 m - 2 scrolls of teleportation {unknown}
 n - 2 scrolls of remove curse {unknown}
 p - a scroll of fear {unknown}
Books
 q - a book of Minor Magic
   (You found it on level 4 of the Dungeon)

   Spells                             Type                      Level
   a - Magic Dart                     Conjuration                  1
   b - Blink                          Translocation                2
   c - Call Imp                       Summoning                    2
   d - Slow                           Hexes                        2
   e - Conjure Flame                  Conjuration/Fire             3
   f - Mephitic Cloud                 Conjuration/Poison/Air       3
Comestibles
 f - 8 rations


   Skills:
 + Level 6.6 Fighting
 + Level 1.0 Short Blades
 + Level 2.7 Long Blades
 + Level 1.0 Axes
 + Level 1.0 Maces & Flails
 + Level 1.0 Polearms
 + Level 4.6 Staves
 + Level 1.0 Slings
 + Level 1.0 Bows
 + Level 1.0 Crossbows
 + Level 1.0 Throwing
 + Level 1.0 Armour
 + Level 2.7 Dodging
 + Level 2.5 Stealth
 + Level 2.7 Shields
 + Level 1.0 Unarmed Combat
 + Level 1.0 Spellcasting
 + Level 0.8 Conjurations
 + Level 0.8 Hexes
 + Level 0.8 Charms
 + Level 0.8 Summonings
 + Level 0.8 Necromancy
 + Level 0.8 Translocations
 + Level 0.8 Transmutations
 + Level 0.8 Fire Magic
 + Level 0.8 Ice Magic
 + Level 0.8 Air Magic
 + Level 0.8 Earth Magic
 + Level 0.8 Poison Magic
 + Level 1.1 Invocations
 + Level 2.7 Evocations


You had 3 spell levels left.
You knew the following spells:

 Your Spells              Type           Power        Failure   Level  Hunger
b - Blink                 Tloc           N/A          50%         2    ###....


Dungeon Overview and Level Annotations

Branches:
Dungeon (5/15)
 Temple: D:4-7

Altars:
Elyvilon
Sif Muna


Innate Abilities, Weirdness & Mutations

Your experience applies equally to all skills.
You have very sharp teeth.
Your uncanny sense of smell can sniff out nearby items.


Message History

You open the door.
There is an open door here.
There is an open door here.
There is a stone staircase leading down here.
You climb downwards.
There is a stone staircase leading up here.
Unknown command.
There is a stone staircase leading up here.
A worker ant comes into view.
Found a leather armour.
The worker ant twitches its antennae in your direction.
The worker ant closely misses you.
You see here a leather armour.
You barely miss the worker ant. The worker ant bites you.
You closely miss the worker ant. The worker ant barely misses you.
You completely miss the worker ant. The worker ant barely misses you.
You hit the worker ant.
You bite the worker ant, but do no damage.
The worker ant is lightly wounded.
The worker ant bites you but does no damage.
The worker ant bites you.
You are poisoned.
The worker ant poisons you!
You hit the worker ant.
The worker ant is lightly wounded.
You feel sick.
The worker ant waves its antennae.
The worker ant closely misses you.
You closely miss the worker ant.
The worker ant is lightly wounded.
You feel sick. The worker ant barely misses you.
You barely miss the worker ant. Your bite misses the worker ant.
The worker ant is lightly wounded.
You feel sick. The worker ant barely misses you.
You hit the worker ant.
The worker ant is moderately wounded.
The worker ant closely misses you. x2
You barely miss the worker ant.
The worker ant is moderately wounded.
You feel sick.
The worker ant bites you but does no damage.
You sock the worker ant! You bite the worker ant.
You kill the worker ant!
Your Short Blades skill increases to level 1!
Your Axes skill increases to level 1!
Your Maces & Flails skill increases to level 1!
Your Polearms skill increases to level 1!
Your Slings skill increases to level 1!
Your Bows skill increases to level 1!
Your Crossbows skill increases to level 1!
Your Throwing skill increases to level 1!
Your Armour skill increases to level 1!
Your Unarmed Combat skill increases to level 1!
Your Spellcasting skill increases to level 1!
You have reached level 4!
You feel agile.
You feel sick.
You see here a worker ant corpse.
You feel sick.
You feel sick.
Found a ration.
A sky beast comes into view.
You feel sick.
You see here a ration.
f - 8 rations (gained 1)
You feel sick.
Found a stone staircase leading down.
A hound comes into view.
You feel sick.
You are no longer poisoned.
Found a lead wand.
Found 11 bolts.
There is a stone staircase leading down here.
An ice beast comes into view.
You aren't carrying any potions.
Unknown command.
As you read the scroll labeled LAENLI XIFYS, it crumbles to dust.
You feel aware of your surroundings.
It was a scroll of magic mapping.
You hit the ice beast but do no damage. The ice beast closely misses you.
You sock the ice beast!
The ice beast is moderately wounded.
The ice beast hits you. The ice beast freezes you!
* * * LOW HITPOINT WARNING * * *
You aren't carrying any potions.
Unknown command.
You hit the ice beast.
You bite the ice beast, but do no damage.
The ice beast is heavily wounded.
The ice beast hits you.
* * * LOW HITPOINT WARNING * * *
The ice beast freezes you!
* * * LOW HITPOINT WARNING * * *
You barely miss the ice beast.
The ice beast is heavily wounded.
The ice beast hits you but does no damage.
You hit the ice beast.
The ice beast is heavily wounded.
The ice beast hits you.
* * * LOW HITPOINT WARNING * * *
The ice beast freezes you!
You die...

*,,,,,,∆,,,,,,,,..# #.#
****,,,*********#.# #.#
*,,∆* #.# #.#
**,,,##########.########.#
*,,,,,................h..#
*,,,,**#..#####.########.###
*,,,.###..#####.# #....
*,,,..../.......# #.###
*,,,*###..Y@.>..# #.#
***,,,***##.#####.# #.#
*,,,,,,,,..*,,,,#.# #.#
****,**,,**##*,***,#.# #.#
,,,,,,,,,** *,* *,#.# #.#
****,**,,,* *,* *,#.# #†# *
*,**,*,* **,***,*(# #[#
****,**,*,***,,,,,,,,** #.#
,,,,,,,,*,**,,,***,,,,*
#####.###


You could see an ice beast.

Vanquished Creatures
  A worker ant (D:5)
  An ooze (D:1)
  2 dart slugs (D:1)
  2 leopard geckos
  5 bats
  5 giant cockroaches
  3 goblins (D:1)
  2 hobgoblins (D:1)
  4 jackals (D:1)
  2 frilled lizards (D:1)
  5 kobolds
  6 rats
38 creatures vanquished.

Notes
Turn   | Place    | Note
-------+----------+-------------------------------------------
     0 | D:1      | tidbits the Gnoll Wanderer began the quest for the Orb.
     0 | D:1      | tidbits set off with: a +2 dagger, a potion of heal wounds, a +0 spear, a +0 quarterstaff, a +0 robe, a ration
     0 | D:1      | Reached XP level 1. HP: 23/23 MP: 2/2
    33 | D:2      | Found a white marble altar of Elyvilon.
    58 | D:1      | Reached XP level 2. HP: 28/29 MP: 3/3
   138 | D:1      | Reached XP level 3. HP: 28/35 MP: 4/4
   284 | D:1      | Reached skill level 1 in Invocations
   573 | D:4      | Learned a level 2 spell: Blink
   584 | D:4      | Found a deep blue altar of Sif Muna.
   613 | D:5      | Entered Level 5 of the Dungeon
   678 | D:5      | Reached skill level 1 in Short Blades
   678 | D:5      | Reached skill level 1 in Axes
   678 | D:5      | Reached skill level 1 in Maces & Flails
   678 | D:5      | Reached skill level 1 in Polearms
   678 | D:5      | Reached skill level 1 in Slings
   678 | D:5      | Reached skill level 1 in Bows
   678 | D:5      | Reached skill level 1 in Crossbows
   678 | D:5      | Reached skill level 1 in Throwing
   678 | D:5      | Reached skill level 1 in Armour
   678 | D:5      | Reached skill level 1 in Unarmed Combat
   678 | D:5      | Reached skill level 1 in Spellcasting
   678 | D:5      | Reached XP level 4. HP: 31/41 MP: 4/6
   688 | D:5      | Noticed a sky beast
   701 | D:5      | Noticed an ice beast
   708 | D:5      | HP: 2/41 [ice beast (4)]
   708 | D:5      | Mangled by an ice beast

Skill      XL: |  1  2  3 |
---------------+----------+-----
Invocations    | 1 |  1.1
Short Blades   | 1 |  1.0
Axes           | 1 |  1.0
Maces & Flails | 1 |  1.0
Polearms       | 1 |  1.0
Slings         | 1 |  1.0
Bows           | 1 |  1.0
Crossbows      | 1 |  1.0
Throwing       | 1 |  1.0
Armour         | 1 |  1.0
Unarmed Combat | 1 |  1.0
Spellcasting   | 1 |  1.0
Fighting       | |  6.6
Long Blades    | |  2.7
Staves         | |  4.6
Dodging        | |  2.7
Stealth        | |  2.5
Shields        | |  2.7
Conjurations   | |  0.8
Hexes          | |  0.8
Charms         | |  0.8
Summonings     | |  0.8
Necromancy     | |  0.8
Translocations | |  0.8
Transmutations | |  0.8
Fire Magic     | |  0.8
Ice Magic      | |  0.8
Air Magic      | |  0.8
Earth Magic    | |  0.8
Poison Magic   | |  0.8
Evocations     | |  2.7

Action                   |  1- 3 |  4- 6 || total
-------------------------+-------+-------++-------
Melee: Quarterstaff      |    92 |     5 ||    97
       Bite              |     9 |     1 ||    10
  Use: Potion            |     3 |       ||     3
       Scroll            |       |     1 ||     1
Armor: Robe              |    10 |       ||    10
       Ring mail         |    10 |     1 ||    11
Dodge: Dodged            |    63 |     1 ||    64

Table legend:
 A = Turns spent in this place as a percentage of turns spent in the entire game.
 B = Non-inter-level travel turns spent in this place as a percentage of non-inter-level travel turns spent in the entire game.
 C = Inter-level travel turns spent in this place as a percentage of turns spent in this place.
 D = Turns resting spent in this place as a percentage of non-inter-level travel turns spent in this place.
 E = Turns spent auto-exploring this place as a percentage of non-inter-level travel turns spent in this place.
 F = Non-inter-level travel turns spent in this place divided by the number of levels of this place that you've seen.
                   A       B       C       D       E      F
               +-------+-------+-------+-------+-------+----------------------
         Total | 100.0 | 100.0 |   0.0 |   0.0 |   0.0 | 141.6
       Dungeon | 100.0 | 100.0 |   0.0 |   0.0 |   0.0 | 141.6
               +-------+-------+-------+-------+-------+----------------------

Table legend:
 A = Kills in this place as a percentage of kills in entire the game.
 B = Kills by you in this place as a percentage of kills by you in the entire game.
 C = Kills by friends in this place as a percentage of kills by friends in the entire game.
 D = Other kills in this place as a percentage of other kills in the entire game.
 E = Experience gained in this place as a percentage of experience gained in the entire game.
 F = Experience gained in this place divided by the number of levels of this place that you have seen.
                   A       B       C       D       E      F
               +-------+-------+-------+-------+-------+----------------------
         Total | 100.0 | 100.0 |   N/A |   N/A | 100.0 |  21.0
       Dungeon | 100.0 | 100.0 |   N/A |   N/A | 100.0 |  21.0
               +-------+-------+-------+-------+-------+----------------------

Vault maps used:
D:1:      lightli_arrival_boilingwater
D:2:      elyvilon_altar_5, chequers_ecumenical_altar_grove
D:3:      gammafunk_temple_overflow_elements, old_standard_altar, uniq_grinder
D:4:      grunt_temple_overflow_opulence, old_standard_altar, first_ration
